 Dungeon Crawl Stone Soup version 0.27.1-33-g824d729ab1 (webtiles) character file.

Game seed: 11744134600118685161

65 barney the Changer (level 3, 0/28 HPs)
             Began as a Draconian Transmuter on Dec 23, 2021.
             Slain by an adder (2 damage)
             ... on level 2 of the Dungeon.
             The game lasted 00:02:13 (2435 turns).

barney the Changer (Draconian Transmuter)           Turns: 2435, Time: 00:02:13

Health: 0/28       AC:  5    Str: 12    XL:     3   Next: 94%
Magic:  6/6        EV: 12    Int: 14    God:
Gold:   65         SH:  0    Dex: 11    Spells: 5/6 levels left

rFire    + . .     SeeInvis .   a - +0 dagger (venom)
rCold    . . .     Faith    .   (no shield)
rNeg     . . .     Spirit   .   (armour unavailable)
rPois    .         Reflect  .   (helmet currently unavailable)
rElec    .         Harm     .   (no cloak)
rCorr    .         Rampage  .   (no gloves)
Will     .....                  (boots currently unavailable)
Stlth    +.........             (no amulet)
HPRegen  0.09/turn              c - ring of protection from fire
MPRegen  0.10/turn              (no ring)

@: lethally poisoned (0 -> -5), appendages
A: horns 2, talons 2, AC +5, unfitting armour, cold-blooded
a: End Transformation


You were on level 2 of the Dungeon.
You had temporarily grown beastly horns and talons.
You visited 1 branch of the dungeon, and saw 2 of its levels.

You collected 65 gold pieces.

Inventory:

Hand Weapons
 a - a +0 dagger of venom (weapon)
Armour
 h - a +0 pair of boots
Jewellery
 c - a ring of protection from fire (left hand)
Scrolls
 b - 4 scrolls of amnesia {unknown}
 d - a scroll of enchant weapon {unknown}
 e - a scroll of silence {unknown}
 f - a scroll of magic mapping {unknown}
 i - a scroll of summoning {unknown}
Potions
 g - a potion of lignification


   Skills:
 - Level 1.1 Fighting
 - Level 1.7 Dodging
 - Level 3.0 Unarmed Combat
 - Level 2.0 Spellcasting
 + Level 4.3 Transmutations


You had 5 spell levels left.
You knew the following spells:

 Your Spells              Type           Power      Damage    Failure   Level
a - Beastly Appendage     Tmut           26%        N/A       4%          1

Your spell library contained the following spells:

 Spells                   Type           Power      Damage    Failure   Level
 Wereblood                Tmut           13%        N/A       6%          2
 Animate Skeleton         Necr           2%         N/A       24%         1
 Pain                     Necr           4%         1d4       24%         1
 Spider Form              Tmut/Pois      3%         N/A       30%         3
 Vampiric Draining        Necr           0%         2d6       56%         3
 Ice Form                 Ice/Tmut       7%         N/A       69%         4


Dungeon Overview and Level Annotations

Branches:
Dungeon (2/15)

Altars:


Innate Abilities, Weirdness & Mutations

You have temporarily grown beastly horns and talons.
Your plain brown scales are hard. (AC +5)
You cannot fit into any form of body armour.
You are cold-blooded and may be slowed by cold attacks.


Message History

You are poisoned.
The adder poisons you! The frilled lizard closely misses you.
You hit the adder.
The adder is poisoned.
The adder is lightly wounded.
You feel sick. The adder bites you but does no damage.
The frilled lizard bites you. The adder bites you.
You are more poisoned.
The adder poisons you!
You miss the adder. You claw the adder.
Your tail-slap misses the adder.
The adder is severely wounded.
You feel very sick. The adder bites you but does no damage.
The adder barely misses you.
The frilled lizard bites you but does no damage.
The adder bites you but does no damage.
You closely miss the adder.
The adder is severely wounded.
You feel sick. The adder bites you but does no damage.
The frilled lizard bites you but does no damage.
The adder closely misses you. The adder barely misses you.
You hit the adder.
You kill the adder!
You feel sick. The frilled lizard barely misses you. The adder bites you.
You are more poisoned.
The adder poisons you!
You are too injured to fight recklessly!
You are too injured to fight recklessly!
You are too injured to fight recklessly!
You barely miss the frilled lizard.
You feel very sick. The adder bites you.
* * * LOW HITPOINT WARNING * * *
The frilled lizard bites you.
* * * LOW HITPOINT WARNING * * *
You hit the frilled lizard.
You kill the frilled lizard!
* * * LOW HITPOINT WARNING * * *
You feel sick. The adder bites you but does no damage.
* * * LOW HITPOINT WARNING * * *
You feel sick. The adder bites you.
You die...

#.#.#..........##.........###.#
.......###....................
.....................†........
#.##...##......###...##.#.###.
#.##...##......###...##.#.
..........................
..)....#.#....>...........
.......#.#............#.###
####...# ###.#..@S......#
.........# # #........##.#
.......#.# #.......## #
####.#.#.# #..##.#.# #.#.# #
.... ...... #.#.# ###.. ......
... ...... ##.. #.### ... .#


You could see an adder.

Vanquished Creatures
  2 adders (D:2)
  2 worms (D:2)
  5 bats (D:1)
  5 endoplasms
  A giant cockroach (D:2)
  2 hobgoblins (D:2)
  3 jackals (D:1)
  4 quokkas
  3 ball pythons
  6 frilled lizards
  2 goblins
  3 kobolds
  3 rats (D:1)
41 creatures vanquished.

Notes
Turn   | Place    | Note
-------+----------+-------------------------------------------
     0 | D:1      | barney the Draconian Transmuter began the quest for the
                  | Orb.
     0 | D:1      | Reached XP level 1. HP: 16/16 MP: 3/3
   220 | D:1      | Reached XP level 2. HP: 18/23 MP: 3/5
   460 | D:1      | Reached skill level 3 in Transmutations
   473 | D:1      | Found a faded altar of an unknown god.
  1736 | D:2      | Reached XP level 3. HP: 28/28 MP: 6/6
  2200 | D:2      | Reached skill level 4 in Transmutations
  2435 | D:2      | Slain by an adder

Illustrated notes

Levels and vault maps discovered:
D:1:      amcnicky_arrival_wind_blow, layout_basic, basic_ecumenical_altar,
          serial_bayou_pond_e, minmay_lizard_pond
D:2:      layout_basic, basic_altar

Skill      XL: |  1  2  3 |
---------------+----------+-----
Transmutations | 3 4 |  4.3
Fighting       | |  1.1
Dodging        | |  1.7
Unarmed Combat | |  3.0
Spellcasting   | |  2.0

Action                   || total
-------------------------++-------
Melee: Unarmed           ||    52
       Tailslap          ||    14
       Kick              ||     9
       Headbutt          ||     3
       Dagger            ||    78
 Cast: Beastly Appendage ||    17
  Use: Potion            ||     2
 Stab: Invisible         ||     1
       Sleeping          ||     1
Armor: Skin              ||    73
Dodge: Dodged            ||    87
